AoeStats
← MC0LEE

Arena

510343830Analyzed
1v1 RM · 9h ago on Sep 30, 2026· 55m 48s· 2 players
Game mode
Random Map
Map size
Tiny (2 player)
Population
200
Speed
Normal
Resources
Standard
Victory
Conquest
Starting age
Dark Age
Ending age
Imperial Age
RankedLock teamsTeams togetherTeam positionsShared explorationLock speedFull tech treeHidden civsTurbo modeCheats
Victory
Defeat
🇹🇷 Khmer · Türkiye
977
+15
🇨🇴 Cumans · Colombia
951
-15
Dovalle95
8:12 Loom
10:41 Feudal Age
11:13 Double-Bit Axe
11:09 Horse Collar
13:59 Wheelbarrow
22:02 Castle Age
24:33 Hand Cart
24:31 Heavy Plow
24:45 Bow Saw
25:22 Scale Barding Armor
25:18 Padded Archer Armor
25:09 Fletching
25:30 Forging
26:39 Chain Barding Armor
28:21 Leather Archer Armor
28:02 Bodkin Arrow
28:43 Iron Casting
30:08 Murder Holes
30:30 Masonry
30:05 Light Cavalry
30:56 Bloodlines
31:10 Town Watch
32:25 Ballistics
32:21 Steppe Husbandry
33:32 Town Patrol
37:46 Imperial Age
39:46 Chemistry
39:19 Ring Archer Armor
40:30 Two-Man Saw
39:50 Cuman Mercenaries
40:04 Cuman Mercenaries
40:52 Elite Steppe Lancer
42:11 Plate Barding Armor
42:39 Blast Furnace
41:06 Hussar
46:00 Elite Skirmisher
47:21 Thumb Ring
MC0LEE
0:47 Loom
15:46 Feudal Age
19:04 Castle Age
16:46 Horse Collar
16:52 Double-Bit Axe
16:58 Stone Mining
17:01 Gold Mining
19:59 Bow Saw
19:51 Heavy Plow
24:12 Wheelbarrow
23:22 Town Watch
25:56 Hand Cart
26:27 Gold Shaft Mining
27:45 Stone Shaft Mining
29:15 Fortified Wall
29:02 Murder Holes
29:20 Masonry
29:32 Ballistics
32:12 Padded Archer Armor
32:03 Fletching
32:18 Scale Barding Armor
32:24 Forging
31:39 Light Cavalry
32:20 Husbandry
32:31 Bloodlines
33:52 Town Patrol
34:14 Leather Archer Armor
33:54 Bodkin Arrow
37:03 Imperial Age
35:55 Chain Barding Armor
36:11 Iron Casting
38:54 Conscription
38:34 Double Crossbow
37:55 Elite Ballista Elephant
39:48 Chemistry
39:20 Architecture
39:33 Crop Rotation
38:39 Hussar
39:43 Bracer
40:26 Ring Archer Armor
40:31 Plate Barding Armor
40:57 Blast Furnace
47:19 Tusk Swords
47:55 Hoardings
46:50 Sappers
50:13 Elite Battle Elephant
Connection lost

Rejoining the realm…

Still unreachable

The connection could not be restored.

Session expired

The server has moved on; the page needs a fresh start.